 Dungeon Sprint DCSS version 0.30-a0-137-gd8773701ce (webtiles) character file.

Game seed: 17262930653292684667

93 purpskrrrp the Changer (level 4, -9/37 HPs)
             Began as a Demigod Transmuter on Sept 22, 2022.
             Killed from afar by an oklob sapling priest (23 damage)
             ... with a splash of acid
             ... in the Dungeon (Sprint IV: "Fedhas' Mad Dash").
             The game lasted 00:03:28 (513 turns).

purpskrrrp the Changer (Demigod Transmuter)          Turns: 513, Time: 00:03:30

Health: -9/37      AC:  2    Str: 15    XL:     4   Next: 14%
Magic:  10/11      EV: 13    Int: 15    God:
Gold:   38         SH:  0    Dex: 14    Spells: 8/9 levels left

rFire   . . .      SeeInvis .    i - +0 spear
rCold   . . .      Faith    .    (no shield)
rNeg    . . .      Spirit   .    a - +0 robe
rPois   .          Reflect  .    (helmet currently unavailable)
rElec   .          Harm     .    (no cloak)
rCorr   .          Rampage  .    (no gloves)
Will    .....      NoTele   +    (boots currently unavailable)
Stlth   +.........               k - amulet of invisibility {+Inv}
HPRegen 0.12/turn                (no ring)
MPRegen 0.12/turn                (no ring)

@: appendages, very slightly contaminated, invisible (expiring)
A: horns 2, talons 2, high MP 1, forlorn, divine attributes
a: End Transformation, Evoke Invisibility


You were in the Dungeon.
You had temporarily grown beastly horns and talons.
You visited 1 branch You collected 38 gold pieces.

Inventory:

Hand Weapons
 i - a +0 spear (weapon)
Armour
 a - a +0 robe (worn)
Jewellery
 k - the amulet of invisibility (around neck) {+Inv}
   (You found it in the Dungeon)

   [amulet of nothing]

   +Inv:      It lets you turn invisible.
Scrolls
 h - a scroll of blinking
 l - a scroll of brand weapon {unknown}
Potions
 b - a potion of lignification
 c - a potion of curing
 d - a potion of heal wounds
 e - a potion of haste
 f - 2 potions of magic
 g - a potion of berserk rage
 j - a potion of might {unknown}


   Skills:
 + Level 2.8 Fighting
 + Level 2.4 Polearms
 + Level 3.5 Dodging
 - Level 3.6 Unarmed Combat
 + Level 3.3 Spellcasting
 * Level 4.7 Transmutations


You had 8 spell levels left.
You knew the following spells:

 Your Spells              Type           Power      Damage    Failure   Level
a - Beastly Appendage     Tmut           32%        N/A       2%          1

Your spell library contained the following spells:

 Spells                   Type           Power      Damage    Failure   Level
 Wereblood                Tmut           16%        N/A       4%          2
 Spider Form              Tmut/Pois      9%         N/A       22%         3
 Ice Form                 Ice/Tmut       9%         N/A       58%         4


Dungeon Overview and Level Annotations

Branches:
Dungeon (1/1)

Annotations:
D exclusion: oklob sapling


Innate Abilities, Weirdness & Mutations

You have temporarily grown beastly horns and talons.
You have an increased reservoir of magic. (+10% MP)
You shall have no god before yourself.
Your divine heritage dramatically boosts your attributes as you level up.


Message History

You continue putting on the amulet of invisibility {+Inv}.
You finish putting on the amulet of invisibility {+Inv}.
k - the amulet of invisibility (around neck) {+Inv} You now have 34 gold pieces (gained 10).
You now have 38 gold pieces (gained 4).
l - a scroll labelled ALIEFUUHEZ Your horns disappear.
Your talons disappear.
Okay, then.
You fade into invisibility!
You are very lightly contaminated with residual magic.
You open the door.
Found ten altars.
An oklob sapling priest comes into view.
Found three altars.
Marking area around an oklob sapling priest as unsafe for travelling.
There is an open door here.
An oklob sapling priest is nearby!
Found three altars.
Found two altars.
Found three altars.
Found a radiant altar of Vehumet and a corrupted altar of Lugonu.
There is a burning altar of Makhleb here.
You flicker for a moment.
There is a sparkling altar of Nemelex Xobeh here.
You grow a pair of large bovine horns.
Your feet morph into talons.
You hit the oklob sapling priest.
The oklob sapling priest is lightly damaged.
You hit the oklob sapling priest but do no damage.
You claw the oklob sapling priest, but do no damage.
The oklob sapling priest is lightly damaged.
The oklob sapling priest spits acid at you.
The splash of acid hits you!!
Ouch! That really hurt!
You hit the oklob sapling priest but do no damage.
You claw the oklob sapling priest, but do no damage.
The oklob sapling priest is lightly damaged.
The oklob sapling priest spits acid at you.
The splash of acid hits you!!
Ouch! That really hurt!
You die...

########################
....#.....#.⌠._._._._.⌠.
....'.#...'.._._._._._..
....#.#...#..._.@P_._...
########+##.._._._._._..
#._._._._._.⌠.
##############


You could see an oklob sapling priest (unable to see you).

Vanquished Creatures
  A scorpion (D)
  An oklob sapling (D)
  A river rat (D)
  A rat (D)
4 creatures vanquished.

Notes
Turn   | Place    | Note
-------+----------+-------------------------------------------
     0 | D        | purpskrrrp the Demigod Transmuter began the quest for the
                  | Orb.
     0 | D        | Reached XP level 1. HP: 15/15 MP: 5/5
    12 | D        | Reached skill level 2 in Transmutations
   209 | D        | Noticed an oklob sapling
   221 | D        | Killed an oklob sapling
   222 | D        | Reached skill level 1 in Fighting
   222 | D        | Reached skill level 1 in Polearms
   222 | D        | Reached skill level 3 in Transmutations
   222 | D        | Reached XP level 2. HP: 24/24 MP: 8/8
   222 | D        | Reached XP level 3. HP: 29/29 MP: 9/9
   223 | D        | Noticed a scorpion
   223 | D        | Found the amulet of invisibility {+Inv}
   228 | D        | Killed a scorpion
   229 | D        | Reached skill level 4 in Transmutations
   229 | D        | Reached XP level 4. HP: 17/37 MP: 8/11
   513 | D        | Killed from afar by an oklob sapling priest

Illustrated notes

Levels and vault maps discovered:
D:        dungeon_sprint_fedhas [sprint_temple]

Skill      XL: |  1  2  3 |
---------------+----------+-----
Dodging        | 2 3 |  3.5
Unarmed Combat | 3 |  3.6
Spellcasting   | 2 3 |  3.3
Transmutations | 3 4 |  4.7
Fighting       | 1 2 |  2.8
Polearms       | 1 2 |  2.4

Action                   |  1- 3 |  4- 6 || total
-------------------------+-------+-------++-------
Melee: Spear             |    13 |     3 ||    16
       Headbutt          |     8 |       ||     8
       Unarmed           |     6 |       ||     6
       Kick              |     6 |     2 ||     8
       Punch             |     1 |       ||     1
 Cast: Beastly Appendage |     3 |     2 ||     5
 Abil: Evoke Invisibilit |       |     1 ||     1
Dodge: Dodged            |     3 |       ||     3

Table legend: (Time is in decaauts)
 A = Elapsed time spent in this place.
 B = Non-inter-level travel time spent in this place.
 C = Inter-level travel time spent in this place.
 D = Time resting spent in this place.
 E = Time spent auto-exploring this place.
 F = Levels seen in this place.
 G = Mean time per level.
                   A        B        C        D        E       F      G
               +--------+--------+--------+--------+--------+-----+--------+
         Total |    513 |    513 |      0 |    434 |      4 |   1 |  513.0 |
       Dungeon |    513 |    513 |      0 |    434 |      4 |   1 |  513.0 |
               +--------+--------+--------+--------+--------+-----+--------+

Top non-repeatable levels by time:
       D: 513 daAuts
